 Dungeon Crawl Stone Soup version 0.29-a0-541-gaf1fc19f1b (webtiles) character file.

Game seed: 13551592485041680678

9 oldriver the Sneak (level 2, 0/23 HPs)
             Began as a Palentonga Wanderer on June 3, 2022.
             Slain by an endoplasm (3 damage)
             ... on level 1 of the Dungeon.
             The game lasted 00:00:30 (158 turns).

oldriver the Sneak (Palentonga Wanderer)             Turns: 158, Time: 00:00:31

Health: 0/23       AC:  4    Str: 11    XL:     2   Next: 6%
Magic:  3/3        EV:  9    Int: 11    God:
Gold:   16         SH:  0    Dex: 14    Spells: 2/3 levels left

rFire   . . .      SeeInvis +   a - +2 dagger
rCold   . . .      Faith    .   (no shield)
rNeg    . . .      Spirit   .   e - +0 robe
rPois   .          Reflect  .   (no helmet)
rElec   .          Harm     .   (no cloak)
rCorr   .          Rampage  .   (no gloves)
Will    .....                   (no barding)
Stlth   ++........              (no amulet)
HPRegen 0.07/turn               (no ring)
MPRegen 0.08/turn               (no ring)

@: no status effects
A: large, rugged brown scales 3, see invisible, deformed body, roll 1, armoured
tail
a: Rolling Charge


You were on level 1 of the Dungeon.
You visited 1 branch of the dungeon, and saw 2 of its levels.

You collected 16 gold pieces.

Inventory:

Hand Weapons
 a - a +2 dagger (weapon)
Armour
 e - a +0 robe (worn)
Scrolls
 b - a scroll of fear
 c - a scroll of teleportation
Potions
 d - a potion of heal wounds


   Skills:
 + Level 1.7 Fighting
 - Level 1.0 Armour
 - Level 1.0 Dodging
 - Level 2.6 Stealth
 - Level 1.0 Spellcasting
 - Level 1.5 Poison Magic
 - Level 1.0 Evocations


You had 2 spell levels left.
You knew the following spells:

 Your Spells              Type           Power      Damage    Failure   Level
a - Sting                 Tmut/Pois      8%         1d3       24%         1

Your spell library contained the following spells:

 Spells                   Type           Power      Damage    Failure   Level
 Mephitic Cloud           Conj/Pois/Air  1%         N/A       61%         3


Dungeon Overview and Level Annotations

Branches:
Dungeon (2/15)

Altars:


Innate Abilities, Weirdness & Mutations

You are completely covered in rugged brown scales. (AC +3, +7% HP)
You have supernaturally acute eyesight. (SInv)
Armour fits poorly on your strangely shaped body.
You can roll at nearby foes to attack.
You have a long armoured tail.


Message History

The quokka bites you.
You hit the quokka.
You kill the quokka!
The bat barely misses you. The bat closely misses you.
You miss the bat. You tail-slap the bat.
You kill the bat!
The bat hits you but does no damage. The bat barely misses you.
You have reached level 2!
You closely miss the bat.
Your tail-slap misses the bat.
The bat barely misses you.
You barely miss the bat. The bat hits you.
You hit the bat but do no damage. The bat hits you but does no damage.
The bat completely misses you.
You barely miss the bat.
You tail-slap the bat, but do no damage.
The bat barely misses you.
You miss the bat. The bat barely misses you.
The bat hits you but does no damage.
You hit the bat.
The bat is moderately wounded.
The bat hits you but does no damage.
You barely miss the bat.
The bat is moderately wounded.
The bat misses you. The bat hits you.
You hit the bat but do no damage.
The bat is moderately wounded.
The bat closely misses you. The bat misses you.
You miss the bat.
The bat is moderately wounded.
The bat closely misses you.
You hit the bat.
You kill the bat!
You barely miss the endoplasm. The endoplasm freezes you.
You are frozen.
* * * LOW HITPOINT WARNING * * *
You hit the endoplasm.
The endoplasm is heavily wounded.
The endoplasm hits you.
You die...

.....) .....#######
..........#
.........#
#........#
#b...$...#
#..?†....#
###########........#
........@J>........#
.....######........#
### ##+#.##### ...
#.## .. #.# .#
###+###


You could see an endoplasm.

Vanquished Creatures
  2 goblins (D:1)
  2 hobgoblins (D:1)
  A quokka (D:1)
  3 bats (D:1)
8 creatures vanquished.

Notes
Turn   | Place    | Note
-------+----------+-------------------------------------------
     0 | D:1      | oldriver the Palentonga Wanderer began the quest for the
                  | Orb.
     0 | D:1      | oldriver set off with the following items: a +2 dagger, a
                  | scroll of fear, a scroll of teleportation, a potion of heal
                  | wounds, a +0 robe; and the following spell memorised:
                  | Sting; and the following spells available to memorise:
                  | Mephitic Cloud
     0 | D:1      | Reached XP level 1. HP: 13/13 MP: 2/2
    35 | D:1      | Reached skill level 1 in Fighting
   111 | D:1      | You fall into a shaft and drop 1 floor!
   147 | D:1      | Reached XP level 2. HP: 9/23 MP: 3/3
   158 | D:1      | Slain by an endoplasm

Illustrated notes

Levels and vault maps discovered:
D:1:      dpeg_arrival_morbid_curiosity, layout_basic
D:2:      layout_basic, shapermc_ecumenical_altar_venn

Skill      XL: |  1 |
---------------+----+-----
Fighting       | 1 |  1.7
Armour         | |  1.0
Dodging        | |  1.0
Stealth        | |  2.6
Spellcasting   | |  1.0
Poison Magic   | |  1.5
Evocations     | |  1.0

Action                   || total
-------------------------++-------
Melee: Dagger            ||    31
       Tailslap          ||     3
 Abil: Rolling Charge    ||     1
Armor: Robe              ||    16
Dodge: Dodged            ||    24

Table legend: (Time is in decaauts)
 A = Elapsed time spent in this place.
 B = Non-inter-level travel time spent in this place.
 C = Inter-level travel time spent in this place.
 D = Time resting spent in this place.
 E = Time spent auto-exploring this place.
 F = Levels seen in this place.
 G = Mean time per level.
                   A        B        C        D        E       F      G
               +--------+--------+--------+--------+--------+-----+--------+
         Total |    157 |    157 |      0 |      0 |     97 |   2 |   78.5 |
       Dungeon |    157 |    157 |      0 |      0 |     97 |   2 |   78.5 |
               +--------+--------+--------+--------+--------+-----+--------+

Top non-repeatable levels by time:
     D:1: 149 daAuts
     D:2: 7 daAuts
